 Dungeon Crawl Stone Soup version 0.31.0-32-g396128a36d (webtiles) character file.

Game seed: 6201310959536478557

28760 monsoonserge the Grappler (level 13, -1/151 HPs)
             Began as a Gnoll Shapeshifter on Mar 25, 2024.
             Was an Initiate of Gozag.
             Slain by a naga
             ... wielding a +1 battleaxe of electrocution
              (21 damage)
             ... on level 3 of the Lair of Beasts on Mar 26, 2024.
             The game lasted 00:55:30 (13067 turns).

monsoonserge the Grappler (Gnoll Shapeshifter)     Turns: 13067, Time: 00:55:30

Health: -1/151     AC: 26    Str: 27    XL:     13   Next: 40%
Magic:  25/25      EV: -1    Int: 11    God:    Gozag
Gold:   1223       SH: 11    Dex: 13    Spells: 29/29 levels left

rFire   + . .        W - +7 trident of Ointment {flame, ^Fragile rF+ rC+ rN+}
rCold   + . .        v - +0 buckler
rNeg    + + .        e - melded +0 plate armour
rPois   +            c - melded +2 hat {Stlth+}
rElec   +            u - melded scarf {repulsion}
rCorr   .            J - melded +1 pair of gloves {hurl}
SInv    .            (boots currently unavailable)
Will    .....        T - amulet of reflection
Stlth   ++++         z - +6 ring of strength
HPRegen 0.45/turn    C - ring of the Battered Stars {rElec rN+ Str+3 Dex+2}
MPRegen 0.19/turn

%: reflection
@: tree-form, constricted
A: stationary, stasis, torment immunity, boosted hp, (fangs 1), strong nose,
distributed training
a: Renounce Religion, Potion Petition, Call Merchant, Bribe Branch


You were on level 3 of the Lair of Beasts.
You worshipped Gozag.
Gozag was most pleased with you.
You were a tree.
You visited 3 branches of the dungeon, and saw 15 of its levels.
You also visited: Bailey.

You collected 3048 gold pieces.
You spent 1265 gold pieces at shops.
You paid 560 gold pieces to Gozag.

Inventory:

Hand Weapons
 W - the +7 trident of Ointment (weapon) {flame, ^Fragile rF+ rC+ rN+}
   (You bought it in a shop on level 10 of the Dungeon)

   rF+:       It protects you from fire.
   rC+:       It protects you from cold.
   rN+:       It protects you from negative energy.
   ^Fragile:  It will be destroyed if unequipped.
Missiles
 a - 3 curare-tipped darts
 D - 17 boomerangs
 Q - a throwing net
 X - 12 poisoned darts (quivered)
Armour
 c - a +2 hat of stealth (melded)
 e - a +0 plate armour (melded)
 u - a scarf of repulsion (melded)
 v - a +0 buckler (worn)
 I - the -2 helmet of Nozijino {rF+++ rCorr Int-3 Stlth-}
   (You bought it in a shop on level 10 of the Dungeon)

   Int-3:     It affects your intelligence (-3).
   rF+++:     It renders you almost immune to fire.
   rCorr:     It protects you from acid and corrosion.
   Stlth-:    It makes you less stealthy.
 J - a +1 pair of gloves of hurling (melded)
Jewellery
 g - a ring of protection from fire
 m - an amulet of guardian spirit
 w - an amulet of regeneration
 z - a +6 ring of strength (left branch)
 C - the ring of the Battered Stars (right branch) {rElec rN+ Str+3 Dex+2}
   (You bought it in a shop on level 3 of the Dungeon)

   [ring of positive energy]

   Str+3:     It affects your strength (+3).
   Dex+2:     It affects your dexterity (+2).
   rElec:     It insulates you from electricity.
   rN+:       It protects you from negative energy.
 M - a ring of protection from cold
 N - a ring of positive energy
 T - an amulet of reflection (around neck)
Talismans
 d - a flux talisman
 K - a dragon-blood talisman
Wands
 o - a wand of paralysis (4)
 x - a wand of roots (10)
 L - a wand of mindburst (10)
 O - a wand of polymorph (6)
 P - a wand of flame (12)
Scrolls
 f - a scroll of brand weapon {unknown}
 h - a scroll of acquirement {unknown}
 i - 2 scrolls of immolation {unknown}
 j - a scroll of enchant weapon {unknown}
 l - 4 scrolls of revelation
 n - a scroll of fog {unknown}
 p - 2 scrolls of fear {unknown}
 q - 2 scrolls of blinking {unknown}
 r - 7 scrolls of teleportation {unknown}
 s - 3 scrolls of poison {unknown}
 y - 3 scrolls of amnesia
 A - 2 scrolls of enchant armour {unknown}
 S - 2 scrolls of noise {unknown}
 V - 2 scrolls of summoning
Potions
 k - 2 potions of might
 t - 3 potions of brilliance
 B - 5 potions of curing
 E - 3 potions of invisibility {unknown}
 F - 5 potions of heal wounds {unknown}
 G - a potion of haste {unknown}
 H - 2 potions of resistance {unknown}
 R - a potion of berserk rage {unknown}
 U - 4 potions of mutation
 Y - a potion of enlightenment
 Z - a potion of degeneration {unknown}


   Skills:
 + Level 9.1 Fighting
 + Level 8.7 Short Blades
 + Level 8.7 Long Blades
 + Level 8.7 Axes
 + Level 8.7 Maces & Flails
 + Level 8.7 Polearms
 + Level 8.7 Staves
 + Level 8.7 Ranged Weapons
 + Level 8.7 Throwing
 + Level 8.7 Armour
 + Level 9.9 Dodging
 + Level 8.7 Stealth
 + Level 8.7 Shields
 + Level 10.9 Unarmed Combat
 + Level 8.7 Spellcasting
 + Level 7.2 Conjurations
 + Level 7.2 Hexes
 + Level 7.2 Summonings
 + Level 7.2 Necromancy
 + Level 7.2 Translocations
 + Level 7.2 Fire Magic
 + Level 7.2 Ice Magic
 + Level 7.2 Air Magic
 + Level 7.2 Earth Magic
 + Level 7.2 Alchemy
 + Level 9.5 Invocations
 + Level 8.7 Evocations
 + Level 10.3 Shapeshifting


You had 29 spell levels left.
You didn't know any spells.
Your spell library contained the following spells:

 Spells                   Type           Power      Damage    Failure   Level
 Apportation              Tloc           40%        N/A       1%          1
 Necrotise                Necr           80%        1d8       1%          1
 Sandblast                Erth           40%        2d10      1%          1
 Sting                    Conj/Alch      80%        1d8       1%          1
 Summon Small Mammal      Summ           80%        N/A       1%          1
 Cigotuvi's Dreadful Rot  Necr/Alch/Air  40%        N/A       1%          2
 Jinxbite                 Hex            40%        N/A       1%          2
 Mercury Vapours          Alch/Air       40%        N/A       1%          2
 Mephitic Cloud           Conj/Alch/Air  20%        N/A       2%          3
 Passwall                 Erth           20%        N/A       2%          3
 Stone Arrow              Conj/Erth      40%        3d9       2%          3
 Tukima's Dance           Hex            20%        N/A       2%          3
 Brom's Barrelling Bould  Conj/Erth      20%        2d4       9%          4
 Dispel Undead            Necr           20%        3d11      9%          4
 Martyr's Knell           Necr/Summ      20%        N/A       9%          4
 Passage of Golubria      Tloc           20%        N/A       9%          4
 Alistair's Intoxication  Alch           13%        N/A       22%         5
 Borgnjor's Vile Clutch   Necr/Erth      10%        N/A       22%         5
 Freezing Cloud           Conj/Ice/Air   10%        6-21      22%         5
 Summon Forest            Summ/Tloc      10%        N/A       22%         5
 Yara's Violent Unravell  Hex/Alch       10%        3d6       22%         5
 Death Channel            Necr           10%        N/A       77%         6
 Eringya's Noxious Bog    Alch           10%        4d6       77%         6
 Enfeeble                 Hex            10%        N/A       100%        7
 Summon Hydra             Summ           10%        N/A       100%        7


Dungeon Overview and Level Annotations

Branches:
Dungeon (11/15)            Temple (1/1) D:4            Lair (3/5) D:10
  Swamp (0/4) Lair:2        Snake (0/4) Lair:3          Orc (0/2) D:10
 Bailey (visited)

Altars:
Ashenzari
Cheibriados
Dithmenos
Elyvilon
Fedhas
Gozag
Hepliaklqana
Kikubaaqudgha
Makhleb
Nemelex Xobeh
Okawaru
Qazlal
Ru
Sif Muna
Trog
Uskayaw
Vehumet
Wu Jian
Xom
Yredelemnul
Zin
The Shining One

Shops:
D:1 (   D:3 =   D:10 (*

Annotations:
D:3 3 runed translucent doors, spaghetti's ghost, amateur NaCK
D:7 4 runed translucent doors, Crazy Yiuf; tdove's ghost, novice OpFi
D:11 Josephine
Lair:1 1 runed translucent door


Innate Abilities, Weirdness & Mutations

You are a tree.
Your roots penetrate the ground, keeping you stationary.
You cannot be teleported.
You are immune to unholy pain and torment.
Your maximum health is greatly increased.
Your equipment is partially melded.
((You have very sharp teeth.))
Your uncanny sense of smell can sniff out nearby items.
Your experience applies equally to all skills.


Message History

You feel sick.
The naga hits you with a +1 battleaxe of electrocution.
The naga grabs you. The naga constricts you. The naga spits poison at you.
The splash of poison misses you.
You hit the naga but do no damage.
The naga is severely wounded.
You feel sick.
The naga hits you with a +1 battleaxe of electrocution!
* * * LOW HITPOINT WARNING * * *
The naga constricts you.
* * * LOW HITPOINT WARNING * * *
The naga hits you from afar with a +0 halberd.
* * * LOW HITPOINT WARNING * * *
You closely miss the naga. You bite the naga, but do no damage.
The naga is severely wounded.
You feel sick. The naga spits poison at you. The splash of poison hits you!
You are more poisoned.
* * * LOW HITPOINT WARNING * * *
The naga constricts you.
* * * LOW HITPOINT WARNING * * *
The naga barely misses you.
You are lethally poisoned (7 -> -4).
You are being held by a naga.
Your movement speed is average.
Your attack delay is about 0.8.
Your damage rating with the +7 trident of Ointment {flame, ^Fragile rF+ rC+ rN+} is about 24 (Base 9 x 142% (Str) x 134% (Skill) + 7 (Ench)).
Your base attributes are Str 18, Int 11, Dex 11.
You feel better.
You block the naga's attack. x2; The naga constricts you.
You turn into a tree.
Your scarf of repulsion melds into your body.
Your +2 hat of stealth melds into your body.
Your +1 pair of gloves of hurling melds into your body.
Your +0 plate armour melds into your body.
The haze of the repulsion field disappears.
You feel less stealthy.
Your aim is not that steady anymore.
Your roots penetrate the ground.
The naga hits you with a +1 battleaxe of electrocution!!
You die...
Your body crumbles into a pile of gold.

#P#.### ##......###
###.....###.........##
#........#...........#
###...###...!........#
##...## #.............
#...## #.........)..#
##...## #............#
##...###.............
##.♣N###............
##$..##............
.N.####..........#
...####...........#
..... #............# ∆
#.⌠.⌠. #....^.......#
#.....###...<........
##.>.###.............
#............#


You could see 2 nagas.

Vanquished Creatures
  Gastronok (D:9)
  An orc warlord (Bailey)
  A hydra (Lair:2)
  A two-headed ogre (D:9)
  A boulder beetle (D:11)
  5 death yaks (D:9)
  Amaemon (D:8)
  Sonja (Lair:2)
  An orc knight (Bailey)
  Pikel (D:8)
  2 oklob plants (Lair:2)
  An elephant (Lair:1)
  A gargoyle (D:8)
  Joseph (D:7)
  6 cane toads (Lair:1)
  3 torpor snails (Lair:1)
  An orange demon (D:8)
  2 komodo dragons
  A rime drake (Lair:1)
  Grinder (D:6)
  A polar bear (Lair:1)
  4 blink frogs
  A hornet (D:7)
  Sigmund (D:6)
  A shadow (D:11)
  4 wyverns
  21 yaks
  3 wraiths
  Grum (Lair:1)
  4 basilisks
  A steam dragon (D:8)
  A naga (Lair:3)
  Duvessa (D:7)
  3 water moccasins
  2 orc warriors
  2 ice beasts (D:5)
  A sky beast (D:6)
  3 black bears
  9 wolves (Lair:1)
  2 ogres
  4 centaurs
  A kobold brigand (D:6)
  A lemure (D:8)
  5 bullfrogs
  4 scorpions
  4 wights (D:9)
  Dowan (D:7)
  24 killer bees
  4 howler monkeys
  A jelly (D:6)
  2 orc priests
  A hound (D:5)
  2 sleepcaps (D:7)
  2 iguanas
  5 orc wizards
  10 adders
  11 gnolls
  4 ufetubi
  2 ribbon worms
  A dart slug (D:1)
  48 orcs
  4 bats
  5 endoplasms
  2 giant cockroaches
  3 goblins
  8 hobgoblins
  3 jackals (D:3)
  17 kobolds
  5 quokkas
  10 ball pythons
  4 frilled lizards
  4 rats
301 creatures vanquished.

Vanquished Creatures (others)
  A kobold brigand (D:9)
  A bat (D:1)
2 creatures vanquished.

Grand Total: 303 creatures vanquished

Notes
Turn   | Place    | Note
-------+----------+-------------------------------------------
     0 | D:1      | monsoonserge the Gnoll Shapeshifter began the quest for the
                  | Orb.
     0 | D:1      | Reached XP level 1. HP: 17/17 MP: 1/1
    55 | D:1      | Found Rohup's Weapon Boutique.
   174 | D:1      | Reached XP level 2. HP: 22/23 MP: 2/2
   787 | D:2      | Reached XP level 3. HP: 28/28 MP: 2/4
   872 | D:2      | Reached skill level 1 in Invocations
  1085 | D:2      | Reached skill level 1 in Short Blades
  1085 | D:2      | Reached skill level 1 in Long Blades
  1085 | D:2      | Reached skill level 1 in Axes
  1085 | D:2      | Reached skill level 1 in Maces & Flails
  1085 | D:2      | Reached skill level 1 in Polearms
  1085 | D:2      | Reached skill level 1 in Staves
  1085 | D:2      | Reached skill level 1 in Ranged Weapons
  1085 | D:2      | Reached skill level 1 in Throwing
  1085 | D:2      | Reached skill level 1 in Armour
  1085 | D:2      | Reached skill level 1 in Stealth
  1085 | D:2      | Reached skill level 1 in Shields
  1085 | D:2      | Reached skill level 1 in Spellcasting
  1085 | D:2      | Reached skill level 1 in Evocations
  1243 | D:2      | Reached XP level 4. HP: 34/34 MP: 5/5
  1249 | D:2      | Reached skill level 1 in Conjurations
  1249 | D:2      | Reached skill level 1 in Hexes
  1249 | D:2      | Reached skill level 1 in Summonings
  1249 | D:2      | Reached skill level 1 in Necromancy
  1249 | D:2      | Reached skill level 1 in Translocations
  1249 | D:2      | Reached skill level 1 in Fire Magic
  1249 | D:2      | Reached skill level 1 in Ice Magic
  1249 | D:2      | Reached skill level 1 in Air Magic
  1249 | D:2      | Reached skill level 1 in Earth Magic
  1249 | D:2      | Reached skill level 1 in Alchemy
  1466 | D:3      | Reached XP level 5. HP: 28/40 MP: 7/7
  2006 | D:3      | Found a bloodstained altar of Trog.
  2011 | D:3      | Found a shadowy altar of Dithmenos.
  2011 | D:3      | Found a blossoming altar of Fedhas.
  2011 | D:3      | Found a sparkling altar of Nemelex Xobeh.
  2012 | D:3      | Found a hazy altar of Hepliaklqana.
  2013 | D:3      | Found a glowing silver altar of Zin.
  2015 | D:3      | Found a broken altar of Ashenzari.
  2056 | D:3      | Found a runed translucent gate.
  2056 | D:3      | Noticed spaghetti's ghost (amateur NaCK)
  2057 | D:3      | Found a runed translucent gate.
  2058 | D:3      | Found a runed translucent gate.
  2064 | D:3      | Identified the +3 mace "Emunocs" {speed, Str+4 Int+3}
  2064 | D:3      | Identified the +5 scale mail of Hadjma {Str-4 Dex+5}
  2264 | D:3      | Found Mesudd's Jewellery Shoppe.
  2525 | D:4      | Noticed a black bear
  2535 | D:4      | Killed a black bear
  2536 | D:4      | Reached skill level 5 in Dodging
  2536 | D:4      | Reached XP level 6. HP: 33/47 MP: 8/8
  2758 | D:4      | Found a staircase to the Ecumenical Temple.
  2764 | Temple   | Entered the Ecumenical Temple
  2770 | Temple   | Became a worshipper of Gozag Ym Sagoz the Greedy
  2883 | D:5      | Entered Level 5 of the Dungeon
  2892 | D:5      | Noticed an ice beast
  3226 | D:5      | Reached XP level 7. HP: 40/52 MP: 10/10
  3659 | D:6      | Noticed Grinder
  3753 | D:6      | Killed Grinder
  3764 | D:5      | Reached XP level 8. HP: 51/60 MP: 12/12
  4205 | D:6      | Noticed Sigmund
  4305 | D:3      | Bought the ring of the Battered Stars {rElec rN+ Str+3
                  | Dex+2} for 445 gold pieces
  4828 | D:6      | Killed Sigmund
  4908 | D:7      | Noticed Joseph
  4909 | D:7      | Found a flagged portal.
  4944 | D:7      | Killed Joseph
  4945 | D:7      | Reached XP level 9. HP: 12/67 MP: 13/15
  5025 | Bailey   | Entered a bailey
  5034 | Bailey   | Noticed an orc warlord
  5136 | Bailey   | Noticed an orc knight
  5153 | Bailey   | Killed an orc knight
  5154 | Bailey   | Reached skill level 5 in Fighting
  5172 | Bailey   | Found a runed translucent gate.
  5174 | Bailey   | Found a runed translucent gate.
  5178 | Bailey   | Found a runed translucent gate.
  5324 | Bailey   | Killed an orc warlord
  5325 | Bailey   | Reached skill level 5 in Short Blades
  5325 | Bailey   | Reached skill level 5 in Long Blades
  5325 | Bailey   | Reached skill level 5 in Axes
  5325 | Bailey   | Reached skill level 5 in Maces & Flails
  5325 | Bailey   | Reached skill level 5 in Polearms
  5325 | Bailey   | Reached skill level 5 in Staves
  5325 | Bailey   | Reached skill level 5 in Ranged Weapons
  5325 | Bailey   | Reached skill level 5 in Throwing
  5325 | Bailey   | Reached skill level 5 in Armour
  5325 | Bailey   | Reached skill level 5 in Stealth
  5325 | Bailey   | Reached skill level 5 in Shields
  5325 | Bailey   | Reached skill level 5 in Spellcasting
  5325 | Bailey   | Reached skill level 5 in Invocations
  5325 | Bailey   | Reached skill level 5 in Evocations
  5325 | Bailey   | Reached XP level 10. HP: 24/76 MP: 15/17
  5441 | Bailey   | Reached skill level 5 in Conjurations
  5441 | Bailey   | Reached skill level 5 in Hexes
  5441 | Bailey   | Reached skill level 5 in Summonings
  5441 | Bailey   | Reached skill level 5 in Necromancy
  5441 | Bailey   | Reached skill level 5 in Translocations
  5441 | Bailey   | Reached skill level 5 in Fire Magic
  5441 | Bailey   | Reached skill level 5 in Ice Magic
  5441 | Bailey   | Reached skill level 5 in Air Magic
  5441 | Bailey   | Reached skill level 5 in Earth Magic
  5441 | Bailey   | Reached skill level 5 in Alchemy
  5441 | Bailey   | Reached XP level 11. HP: 84/84 MP: 17/20
  5706 | D:7      | Paralysed by a hornet for 2 turns
  5799 | D:7      | Noticed Dowan
  5801 | D:7      | Noticed Duvessa
  5804 | D:7      | Killed Dowan
  5815 | D:7      | Killed Duvessa
  5994 | D:7      | Found a runed translucent door.
  5995 | D:7      | Noticed Crazy Yiuf
  6067 | D:7      | Found a runed translucent gate.
  6067 | D:7      | Found an opulent altar of Gozag.
  6068 | D:7      | Found a runed translucent gate.
  6069 | D:7      | Found a runed translucent gate.
  6069 | D:7      | Noticed tdove's ghost (novice OpFi)
  6407 | D:8      | Noticed Pikel
  6443 | D:8      | Killed Pikel
  6605 | D:8      | Noticed Amaemon
  6838 | D:8      | Killed Amaemon
  7240 | D:9      | Noticed a two-headed ogre
  7252 | D:9      | Killed a two-headed ogre
  7738 | D:9      | Noticed Gastronok
  7774 | D:9      | Killed Gastronok
  8292 | D:10     | Entered Level 10 of the Dungeon
  8418 | D:10     | Reached XP level 12. HP: 84/92 MP: 23/23
  8494 | D:10     | Found a staircase to the Orcish Mines.
  8578 | D:10     | Noticed a death yak
  8580 | D:10     | Found a staircase to the Lair.
  8580 | D:10     | Noticed a death yak
  8580 | D:10     | Noticed a death yak
  8580 | D:10     | Noticed a death yak
  8580 | D:10     | Noticed a death yak
  8607 | D:9      | Killed a death yak
  8608 | D:9      | Reached skill level 10 in Unarmed Combat
  8689 | D:9      | Killed a death yak
  8780 | D:9      | Killed a death yak
  9035 | D:9      | Killed a death yak
  9255 | D:10     | Bought a coppery potion for 22 gold pieces
  9255 | D:10     | Bought a polished helmet for 237 gold pieces
  9255 | D:10     | Identified the -2 helmet of Nozijino {rF+++ rCorr Int-3
                  | Stlth-} (You bought it in a shop on level 10 of the
                  | Dungeon)
  9259 | D:10     | Bought a faintly glowing trident for 212 gold pieces
  9259 | D:10     | Identified the +7 trident of Ointment {flame, ^Fragile rF+
                  | rC+ rN+} (You bought it in a shop on level 10 of the
                  | Dungeon)
  9266 | D:10     | Bought a translucent robe for 142 gold pieces
  9266 | D:10     | Identified the +0 robe "Beewk" {rN+ Regen+ Str-2} (You
                  | bought it in a shop on level 10 of the Dungeon)
  9346 | D:10     | Found Wiwiry's Antique Weapon Emporium.
  9351 | D:10     | Bought a steaming halberd for 207 gold pieces
  9351 | D:10     | Identified the +0 halberd of Prudence {freeze, Str+4} (You
                  | bought it in a shop on level 10 of the Dungeon)
  9746 | D:9      | Killed a death yak
 10125 | D:11     | Noticed a boulder beetle
 10155 | D:11     | Killed a boulder beetle
 10338 | D:11     | Noticed Josephine
 10383 | Lair:1   | Entered Level 1 of the Lair of Beasts
 10505 | Lair:1   | Found a snail-covered altar of Cheibriados.
 10566 | Lair:1   | Reached skill level 10 in Shapeshifting
 10728 | Lair:1   | Noticed a catoblepas
 10748 | Lair:1   | Found a runed translucent door.
 11000 | Lair:1   | Reached XP level 13. HP: 92/99 MP: 25/25
 11043 | Lair:1   | Noticed Grum
 11061 | Lair:1   | Killed Grum
 11836 | Lair:2   | Found a staircase to the Swamp.
 12301 | Lair:2   | Noticed Sonja
 12310 | Lair:2   | Killed Sonja
 12508 | Lair:2   | Found a blossoming altar of Fedhas.
 13050 | Lair:3   | Found a staircase to the Snake Pit.
 13067 | Lair:3   | Slain by a naga

Illustrated notes

Levels and vault maps discovered:
D:1:      mainiacjoe_arrival_oval_in_oval, layout_basic, serial_shops, shop,
          minmay_shallow_snake_nest
D:2:      layout_loops_ring
D:3:      layout_basic, minitemple, serial_shops, shop,
          biasface_ghost_orc_armoury
D:4:      layout_rooms, minmay_temple_entry_hall
D:5:      layout_loops_cross
D:6:      layout_basic, uniq_sigmund, uniq_grinder
D:7:      layout_basic, ebering_ghost_gozag, enter_bailey_6,
          grunt_decor_fettered, uniq_joseph, uniq_crazy_yiuf_cottage,
          uniq_duvessa
D:8:      layout_basic, minivault_26, uniq_pikel, uniq_amaemon
D:9:      layout_roguey [special_room_orc], uniq_gastronok
D:10:     layout_loops_cross, dpeg_lair_monsters, david_orc_2, serial_shops,
          nicolae_shop_getting_attention, minmay_holes
D:11:     minmay_evil_eye, layout_basic, uniq_josephine
Temple:   eino_wide_crystal_templ
Lair:1:   gammafunk_lair_enchanted_lake, layout_regular_city,
          kennysheep_snail_temple, uniq_grum
Lair:2:   layout_roguey, swamp_mist_pool, hangedman_tree_tricks, minivault_23,
          uniq_sonja
Lair:3:   layout_gridlike, nicolae_snake_entry_squirm,
          nicolae_lair_lakeside_cave

Skill      XL: |  1  2  3  4  5  6  7  8  9 10 11 12 13 |
---------------+----------------------------------------+-----
Invocations    | 1 2 3 4 5 7 8 9 |  9.5
Short Blades   | 1 2 3 4 5 6 7 8 |  8.7
Long Blades    | 1 2 3 4 5 6 7 8 |  8.7
Axes           | 1 2 3 4 5 6 7 8 |  8.7
Maces & Flails | 1 2 3 4 5 6 7 8 |  8.7
Polearms       | 1 2 3 4 5 6 7 8 |  8.7
Staves         | 1 2 3 4 5 6 7 8 |  8.7
Ranged Weapons | 1 2 3 4 5 6 7 8 |  8.7
Throwing       | 1 2 3 4 5 6 7 8 |  8.7
Armour         | 1 2 3 4 5 6 7 8 |  8.7
Stealth        | 1 2 3 4 5 6 7 8 |  8.7
Shields        | 1 2 3 4 5 6 7 8 |  8.7
Spellcasting   | 1 2 3 4 5 6 7 8 |  8.7
Evocations     | 1 2 3 4 5 6 7 8 |  8.7
Conjurations   | 1 2 3 4 5 6 7 |  7.2
Hexes          | 1 2 3 4 5 6 7 |  7.2
Summonings     | 1 2 3 4 5 6 7 |  7.2
Necromancy     | 1 2 3 4 5 6 7 |  7.2
Translocations | 1 2 3 4 5 6 7 |  7.2
Fire Magic     | 1 2 3 4 5 6 7 |  7.2
Ice Magic      | 1 2 3 4 5 6 7 |  7.2
Air Magic      | 1 2 3 4 5 6 7 |  7.2
Earth Magic    | 1 2 3 4 5 6 7 |  7.2
Alchemy        | 1 2 3 4 5 6 7 |  7.2
Fighting       | 3 4 5 7 8 9 |  9.1
Dodging        | 5 6 8 9 |  9.9
Unarmed Combat | 7 8 9 10 | 10.9
Shapeshifting  | 7 8 9 10 | 10.3

Action                     |  1- 3 |  4- 6 |  7- 9 | 10-12 | 13-15 || total
---------------------------+-------+-------+-------+-------+-------++-------
  Melee: Unarmed           |    54 |   112 |   170 |   129 |       ||   465
         Bite              |     1 |     6 |    26 |    89 |    22 ||   144
         Punch             |       |     4 |     8 |       |       ||    12
         Demon whip        |       |       |       |   260 |       ||   260
         Trident           |       |       |       |   203 |   194 ||   397
  Throw: Boomerang         |       |       |     5 |    77 |     4 ||    86
         Throwing net      |       |       |     2 |       |       ||     2
         Dart              |       |       |       |    42 |     5 ||    47
 Invoke: Call Merchant     |       |       |       |     1 |       ||     1
  Evoke: Wand              |       |       |     4 |       |       ||     4
    Use: Scroll            |       |     3 |       |     4 |     1 ||     8
         Potion            |       |       |     4 |     2 |     2 ||     8
   Stab: Held in net/web   |       |       |     3 |       |       ||     3
         Distracted        |       |       |       |     5 |     2 ||     7
 Armour: Animal skin       |     3 |       |       |       |       ||     3
         Ring mail         |    12 |    54 |    27 |       |       ||    93
         Chain mail        |       |       |    83 |       |       ||    83
         Skin              |       |       |    17 |     9 |     1 ||    27
         Plate armour      |       |       |       |   250 |   101 ||   351
  Dodge: Dodged            |    34 |    65 |    79 |   133 |    59 ||   370
         Repelled          |       |       |       |     1 |     3 ||     4
  Block: Buckler           |       |       |       |   195 |    72 ||   267
         Reflection        |       |       |       |     7 |     3 ||    10
   Form: Flux              |       |       |     3 |     4 |     1 ||     8
         Beast             |       |       |     3 |     3 |       ||     6
                           |       |       |       |     2 |     1 ||     3
